 Dungeon Crawl Stone Soup version 0.27-a0-1140-g099f9bb0e8 (webtiles) character file.

Game seed: 11126827330443062692

734 Demosthentine the Poker (level 7, -4/56 HPs)
             Began as a Merfolk Gladiator on May 9, 2021.
             Was an Initiate of the Shining One.
             Slain by a quokka (5 damage)
             ... on level 4 of the Dungeon.
             The game lasted 00:05:09 (5744 turns).

Demosthentine the Poker (Merfolk Gladiator)         Turns: 5744, Time: 00:05:10

Health: -4/56      AC:  4    Str: 16    XL:     7   Next: 74%
Magic:  7/7        EV: 15    Int:  7    God:    the Shining One [......]
Gold:   109        SH:  0    Dex: 16    Spells: 6/6 levels left

rFire    . . .     SeeInvis .   a - +1 trident
rCold    . . .     Faith    .   (no shield)
rNeg     . . .     Spirit   .   b - +0 leather armour
rPois    .         Reflect  .   c - +0 helmet
rElec    .         Harm     .   (no cloak)
rCorr    .         Rampage  .   (no gloves)
Will     .....                  (no boots)
Stlth    +.........             (no amulet)
HPRegen  0.18/turn              (no ring)
MPRegen  0.10/turn              (no ring)

@: mighty, hasted, glowing, very quick
A: (nimble swimmer 2), mertail
a: Renounce Religion


You were on level 4 of the Dungeon.
You worshipped the Shining One.
The Shining One was noncommittal.
You visited 2 branches of the dungeon, and saw 5 of its levels.

You collected 169 gold pieces.
You spent 60 gold pieces at shops.

Inventory:

Hand Weapons
 a - a +1 trident (weapon)
Missiles
 d - 2 throwing nets (quivered)
Armour
 b - a +0 leather armour (worn)
 c - a +0 helmet (worn)
Jewellery
 m - a ring of flight
Wands
 n - a wand of iceblast (8)
Scrolls
 j - 3 scrolls of enchant weapon
 r - 3 scrolls of teleportation
Potions
 e - a potion of lignification
 f - a potion of attraction
 g - a potion of curing
 i - a potion of ambrosia {unknown}
 k - a potion of haste
 l - a potion of flight {unknown}
 q - a potion of magic {unknown}


   Skills:
 + Level 5.0 Fighting
 + Level 7.3 Polearms
 - Level 2.0 Throwing
 + Level 2.9 Armour
 + Level 6.7 Dodging


You had 6 spell levels left.
You didn't know any spells.
Your spell library contained the following spells:

 Spells                   Type           Power      Damage    Failure   Level
 Animate Skeleton         Necr           0%         N/A       50%         1
 Pain                     Necr           0%         1d4       50%         1
 Vampiric Draining        Necr           0%         2d6       86%         3
 Animate Dead             Necr           0%         N/A       99%         4
 Agony                    Necr           0%         N/A       100%        5


Dungeon Overview and Level Annotations

Branches:
Dungeon (4/15)             Temple (1/1) D:4

Altars:
Ashenzari
Cheibriados
Dithmenos
Elyvilon
Gozag
Hepliaklqana
Kikubaaqudgha
Makhleb
Nemelex Xobeh
Okawaru
Qazlal
Ru
Sif Muna
Trog
Uskayaw
Vehumet
Wu Jian
Xom
Yredelemnul
Zin
The Shining One

Shops:
D:3 *

Annotations:
D:4 1 transporter


Innate Abilities, Weirdness & Mutations

((You are quick and stealthy near water. (Stealth+, EV+, Speed+++)))
Your lower body shifts to a powerful aquatic tail in water.


Message History

The slime creature hits you.
You hit the slime creature.
The slime creature is moderately wounded.
You puncture the slime creature!
The slime creature is heavily wounded.
The slime creature closely misses you.
You puncture the slime creature!
The slime creature is severely wounded.
The slime creature hits you.
* * * LOW HITPOINT WARNING * * *
The orc wizard points at itself and mumbles some strange words.
The orc wizard flickers and vanishes!
Deactivating autopickup; reactivate with Ctrl-A.
Really quaff the potion of attraction? [Y]es or [N]o only, please.
Really quaff the potion of attraction?
Okay, then.
Unknown command.
You feel better. The slime creature closely misses you.
Unknown command.
Unknown command.
You impale the slime creature!!
You kill the slime creature!
Your Fighting skill increases to level 5!
Your Polearms skill increases to level 7!
You closely miss the quokka.
Unknown command.
You barely miss the yak.
A magic dart appears from out of thin air!
The magic dart hits you.
You closely miss the yak. The yak gores you!
* * * LOW HITPOINT WARNING * * *
Unknown command.
You feel better. The yak gores you.
* * * LOW HITPOINT WARNING * * *
The quokka closely misses you.
It was a potion of haste.
You feel yourself speed up. The yak gores you.
* * * LOW HITPOINT WARNING * * *
The quokka bites you.
You die...

#.#..#########........##...#
#.#.##?..©...##.....#......#
#.#.#8..#.#..8#.##..#.......
#.#.#..#...#($#.#..##.......
#...#.......?)#...###.......
#..©#..©....$_#©..##...#....
##..#.......?.#..#####.#..#.
##.#..#K.Y#($#.## ##......
#.#8..#.#@.8#.# #...##..
#.##....r..##.# ##...#..
#..#########..# #....#..
##...........## #..#....
############# ##......
##..8.8 #...... #.8....
#....>.


You could see a yak, a quokka and a kobold.

Vanquished Creatures
  A slime creature (D:4)
  A necrophage (D:2)
  A phantom (D:4)
  A scorpion (D:4)
  An orc priest (D:4)
  A hound (D:4)
  A jelly (D:4)
  An iguana (D:4)
  Robin (D:3)
  5 gnolls
  6 adders
  A worm (D:2)
  2 dart slugs (D:1)
  2 orcs
  7 ball pythons
  9 bats
  9 endoplasms
  9 giant cockroaches
  16 goblins
  5 hobgoblins
  14 jackals
  2 quokkas (D:2)
  6 kobolds
  4 rats
106 creatures vanquished.

Notes
Turn   | Place    | Note
-------+----------+-------------------------------------------
     0 | D:1      | Demosthentine the Merfolk Gladiator began the quest for the
                  | Orb.
     0 | D:1      | Reached XP level 1. HP: 16/16 MP: 1/1
   178 | D:1      | Reached XP level 2. HP: 13/23 MP: 2/2
   561 | D:1      | Reached XP level 3. HP: 25/28 MP: 3/3
  1051 | D:1      | Reached skill level 5 in Polearms
  1107 | D:1      | Reached skill level 1 in Armour
  1427 | D:2      | Reached XP level 4. HP: 16/34 MP: 4/4
  1715 | D:2      | Noticed a necrophage
  1727 | D:2      | Killed a necrophage
  1728 | D:2      | Reached skill level 5 in Dodging
  1728 | D:2      | Reached XP level 5. HP: 25/41 MP: 5/5
  1987 | D:2      | Found a faded altar of an unknown god.
  2865 | D:3      | Reached skill level 6 in Polearms
  2869 | D:3      | Reached XP level 6. HP: 23/48 MP: 6/6
  3256 | D:3      | Noticed Robin
  3680 | D:3      | Found a shimmering altar of Xom.
  3681 | D:3      | Found Kyoma's General Store.
  3696 | D:3      | Bought 2 scrolls of teleportation for 60 gold pieces
  3845 | D:3      | Killed Robin
  4333 | D:4      | Reached XP level 7. HP: 16/55 MP: 7/7
  4612 | D:4      | Found a broken altar of Ashenzari.
  4991 | D:4      | Found a transporter.
  4991 | D:4      | Found an ornate altar of the Wu Jian Council.
  4991 | D:4      | Noticed a slime creature
  4992 | D:4      | Noticed a yak
  5013 | D:4      | Found a transporter.
  5114 | D:4      | Found a staircase to the Ecumenical Temple.
  5132 | Temple   | Entered the Ecumenical Temple
  5510 | Temple   | Became a worshipper of the Shining One
  5587 | D:4      | Found a stormy altar of Qazlal.
  5739 | D:4      | Killed a slime creature
  5740 | D:4      | Reached skill level 5 in Fighting
  5740 | D:4      | Reached skill level 7 in Polearms
  5744 | D:4      | HP: 1/56 [yak (3)]
  5744 | D:4      | Slain by a quokka

Illustrated notes

Levels and vault maps discovered:
D:1:      dpeg_arrival_three_smaller_balls, layout_basic,
          grunt_decor_mini_mirrors
D:2:      layout_basic, shapermc_ecumenical_altar_notcrosses
D:3:      layout_basic, xom_teletrap_fun, serial_shops, shop,
          hangedman_decor_clover_reticule, chequers_serial_rivers_micro_c,
          uniq_robin
D:4:      layout_cave_pools, evilmike_ruin_ashenzari, kennysheep_mini,
          gammafunk_temple_overflow_arena, minmay_temple_entry_proselytizer,
          grunt_ministairs_9
Temple:   minmay_crystal_spiral_temple

Skill      XL: |  1  2  3  4  5  6  7 |
---------------+----------------------+-----
Polearms       | 5 6 7 |  7.3
Armour         | 1 2 |  2.9
Fighting       | 3 4 5 |  5.0
Dodging        | 5 6 |  6.7
Throwing       | |  2.0

Action                   |  1- 3 |  4- 6 |  7- 9 || total
-------------------------+-------+-------+-------++-------
Melee: Trident           |    87 |   226 |    45 ||   358
Throw: Throwing net      |     1 |       |       ||     1
  Use: Scroll            |     3 |     5 |       ||     8
       Potion            |       |       |     5 ||     5
 Stab: Sleeping          |     6 |       |       ||     6
Armor: Leather armour    |    10 |    45 |     9 ||    64
Dodge: Dodged            |    46 |   157 |    16 ||   219

Table legend: (Time is in decaauts)
 A = Elapsed time spent in this place.
 B = Non-inter-level travel time spent in this place.
 C = Inter-level travel time spent in this place.
 D = Time resting spent in this place.
 E = Time spent auto-exploring this place.
 F = Levels seen in this place.
 G = Mean time per level.
                   A        B        C        D        E       F      G
               +--------+--------+--------+--------+--------+-----+--------+
         Total |   5747 |   5567 |    180 |    948 |   3881 |   5 | 1149.4 |
       Dungeon |   5314 |   5224 |     90 |    948 |   3544 |   4 | 1328.5 |
        Temple |    432 |    342 |     90 |      0 |    337 |   1 |  432.0 |
               +--------+--------+--------+--------+--------+-----+--------+

Top non-repeatable levels by time:
     D:2: 1528 daAuts
     D:4: 1434 daAuts
     D:1: 1415 daAuts
     D:3: 934 daAuts
  Temple: 432 daAuts
